 Dungeon Crawl Stone Soup version 0.22-a0-305-gd21a89c (webtiles) character file.

44586 b5mith the Fighter (level 13, -4/187 HPs)
             Began as a Minotaur Berserker on Mar 29, 2018.
             Was the Champion of Trog.
             Slain by a two-headed ogre
             ... wielding a +0 giant club
              (8 damage)
             ... on level 15 of the Dungeon.
             The game lasted 00:49:22 (17928 turns).

b5mith the Fighter (Minotaur Berserker)            Turns: 17928, Time: 00:49:22

Health: -4/187     AC: 16    Str: 32    XL:     13   Next: 97%
Magic:  0/4        EV: 16    Int:  4    God:    Trog [******]
Gold:   1034       SH:  0    Dex: 14    Spells: 12/12 levels left

rFire    . . .     SeeInvis .   a - +3 executioner's axe (antimagic)
rCold    . . .     Gourm    .   (shield currently unavailable)
rNeg     . . .     Faith    .   Z - +0 plate armour
rPois    +         Spirit   +   (helmet restricted)
rElec    .         Reflect  .   s - scarf {Spirit}
rCorr    .         Harm     +   (no gloves)
MR       .....                  (no boots)
Stlth    ..........             l - amulet of harm
HPRegen  0.41/turn              Q - ring of poison resistance
MPRegen  0.09/turn              H - +4 ring of dexterity

@: berserking, very quick
A: retaliatory headbutt, horns 2
a: Berserk, Trog's Hand, Brothers in Arms, Renounce Religion


You were on level 15 of the Dungeon.
You worshipped Trog.
Trog was exalted by your worship.
You were hungry.

You visited 1 branch of the dungeon, and saw 15 of its levels.
You also visited: Ossuary.

You collected 1034 gold pieces.

Inventory:

Hand Weapons
 a - a +3 antimagic executioner's axe (weapon)
 b - a +3 triple crossbow of freezing
 U - the +7 broad axe "Neat" {drain, rPois MR+}
   (You found it on level 12 of the Dungeon)

   A truly terrible weapon, it drains the life of those it strikes.
   It protects you from poison.
   It affects your resistance to hostile enchantments.
Missiles
 g - 4 steel tomahawks (quivered)
 W - 32 bolts
Armour
 i - a +1 ring mail of magic resistance
 m - a +2 ring mail of cold resistance
 s - a scarf of spirit shield (worn)
 Z - a +0 plate armour (worn)
Jewellery
 l - an amulet of harm (around neck)
 n - an uncursed amulet of guardian spirit
 p - an uncursed ring of protection from cold
 x - an uncursed amulet of rage
 H - a +4 ring of dexterity (right hand)
 K - an uncursed ring of protection from fire
 Q - a ring of poison resistance (left hand)
Wands
 d - a wand of polymorph (54)
 u - a wand of enslavement (14)
 E - a wand of iceblast (29)
 F - a wand of flame (35)
 L - a wand of paralysis (12)
Scrolls
 e - 5 scrolls of fear
 q - 7 scrolls of teleportation
 t - 3 scrolls of enchant weapon {unknown}
 v - a scroll of blinking
 A - a scroll of enchant armour {unknown}
 I - 2 scrolls of immolation
 M - a scroll of torment {unknown}
 N - 3 scrolls of magic mapping {unknown}
 O - 3 scrolls of remove curse {@r2}
 S - 4 scrolls of identify {@r1}
 X - a scroll of acquirement {unknown}
Potions
 h - 11 potions of curing {@q1}
 j - 4 potions of brilliance
 k - 2 potions of heal wounds
 o - 3 potions of berserk rage
 r - 7 potions of agility
 w - 5 potions of haste
 z - a potion of invisibility {unknown}
 B - 2 potions of cancellation {unknown}
 C - 3 potions of magic
 D - 4 potions of lignification
 J - a potion of mutation {unknown}
 T - a potion of flight {unknown}
Miscellaneous
 P - a phial of floods
 R - a phial of floods
 V - a fan of gales
Comestibles
 c - 21 rations
 f - 6 chunks of flesh


   Skills:
 + Level 14.5 Fighting
   Level 3.7 Long Blades
 + Level 14.1 Axes
 + Level 14.3 Armour
 + Level 13.3 Dodging


You had 12 spell levels left.
You didn't know any spells.

Dungeon Overview and Level Annotations

Branches:
Dungeon (15/15)            Temple (0/1) D:6            Lair (0/6) D:9
    Orc (0/2) D:12         Vaults (0/5) D:13
 Depths: D:15

Altars:
Ashenzari
Cheibriados
Elyvilon
Fedhas
Kikubaaqudgha
Nemelex Xobeh
Qazlal
Trog
Uskayaw
Vehumet
Xom

Shops:
D:5 *

Annotations:
D:11 exclusion: 2 oklob plants


Innate Abilities, Weirdness & Mutations

You reflexively headbutt those who attack you in melee.
You have a pair of horns on your head.


Message History

You kill the red ugly thing!
Trog accepts your kill.
The two-headed ogre hits you with a giant club!
* * * LOW HITPOINT WARNING * * *
The two-headed ogre hits you with a giant club!
* * * LOW HITPOINT WARNING * * *
You hit the two-headed ogre. You headbutt the two-headed ogre!
The two-headed ogre is moderately wounded.
The two-headed ogre hits you with a giant club!
* * * LOW HITPOINT WARNING * * *
The two-headed ogre closely misses you.
A red film seems to cover your vision as you go berserk!
You feel yourself moving faster!
You feel mighty!
You are feeling hungry.
You slice the two-headed ogre!!
The two-headed ogre is almost dead.
You hear a horrible gurgling sound! x2
The two-headed ogre hits you but does no damage.
The two-headed ogre hits you with a giant club!
You die...

#......# #.#### #...#..#
#.# #...#..# #.#
#...#..# #.# #...#..#
#.# #......######.####
#.####............ #.#
#............ #@#
#............ #O#
##...........
uOuu........'...........
#####.#.#####...........
#.#.# #...........# #
#.. ........##)## ###
....##.#...#
....##.#..## #. #...)..#


You could see a two-headed ogre.

Vanquished Creatures
  Frances (D:14)
  Agnes (D:14)
  An ogre mage (D:15)
  A rakshasa (D:12)
  3 hydras
  The ghost of NervFog the Thaumaturge, a journeyman GnSk of the Shining One (D:11)
  Erica (D:8)
  12 two-headed ogres
  2 dancing weapons (D:13)
  Urug (D:14)
  4 unseen horrors
  A wolf spider zombie (D:15)
  A deep elf mage (D:13)
  10 ugly things
  A manticore (D:12)
  A cyclops (D:10)
  2 gargoyles
  The ghost of buga the Sneak, a novice OpFE (D:4)
  2 komodo dragons (D:12)
  2 tengu conjurers (D:13)
  A queen bee (D:10)
  3 trolls
  Grinder (D:8)
  3 meliai (D:15)
  4 hippogriffs
  2 slime creatures
  A shadow (D:15)
  Eustachio (D:5)
  24 yaks
  2 vampires
  2 wyverns
  5 hungry ghosts
  A wraith (D:11)
  A basilisk (D:14)
  A steam dragon (D:9)
  A redback simulacrum (D:15)
  2 soldier ants
  A water moccasin (D:11)
  3 ice beasts
  A sky beast (D:8)
  4 black bears
  5 orc warriors
  4 phantoms
  8 ogres
  4 centaurs
  An elf zombie (Ossuary)
  2 big kobolds
  13 bullfrogs
  2 wyvern zombies
  2 scorpions
  3 wights (D:12)
  23 killer bees
  5 howler monkeys
  6 crimson imps
  2 bullfrog zombies
  7 orc priests
  6 centaur zombies
  A human zombie (Ossuary)
  12 jellies
  A quasit (D:12)
  5 centaur skeletons
  2 hounds
  6 iguanas
  2 bullfrog skeletons
  Jessica (D:3)
  15 orc wizards
  14 worker ants
  A big kobold zombie (Ossuary)
  A hound zombie (D:5)
  A hound skeleton (D:11)
  3 mummies
  A howler monkey zombie (D:11)
  Robin (D:2)
  2 worker ant zombies
  3 gnolls (D:5)
  18 adders
  8 shadow imps
  17 oozes
  2 adder zombies (Ossuary)
  3 worms
  A dart slug (D:2)
  6 leopard geckos
  49 orcs
  10 giant cockroaches
  11 hobgoblins
  13 jackals
  6 quokkas
  A ball python (D:1)
  7 bats
  6 frilled lizards
  11 goblins
  16 hobgoblin zombies
  2 jackal zombies (Ossuary)
  14 kobolds
  9 kobold zombies
  5 orc zombies (Ossuary)
  2 quokka skeletons
  2 quokka zombies
  6 rats
  3 rat zombies (Ossuary)
506 creatures vanquished.

Vanquished Creatures (others)
  An ogre (D:9)
  4 fungi (D:6)
5 creatures vanquished.

Grand Total: 511 creatures vanquished

Notes
Turn   | Place    | Note
-------+----------+-------------------------------------------
     0 | D:1      | b5mith the Minotaur Berserker began the quest for the Orb.
     0 | D:1      | Reached XP level 1. HP: 19/19 MP: 0/0
   615 | D:2      | Reached XP level 2. HP: 22/27 MP: 1/1
   768 | D:2      | Reached skill level 1 in Axes
   770 | D:2      | Reached XP level 3. HP: 33/33 MP: 2/2
   923 | D:2      | Reached ** piety under Trog
  1002 | D:2      | Reached XP level 4. HP: 39/40 MP: 3/3
  1013 | D:2      | Noticed Robin
  1164 | D:2      | Killed Robin
  1274 | D:2      | Found a sparkling altar of Nemelex Xobeh.
  1654 | D:3      | Reached XP level 5. HP: 39/47 MP: 4/4
  1831 | D:3      | Reached *** piety under Trog
  1889 | D:3      | Noticed Jessica
  1892 | D:3      | Killed Jessica
  1968 | D:3      | Found a snail-covered altar of Cheibriados.
  1969 | D:3      | Found a shattered altar of Ashenzari.
  2008 | D:3      | Reached skill level 5 in Fighting
  2200 | D:3      | Noticed a black bear
  2218 | D:3      | HP: 2/72 [black bear (3)]
  2219 | D:3      | Killed a black bear
  2219 | D:3      | Reached XP level 6. HP: 2/56 MP: 0/5
  2960 | D:4      | Reached skill level 5 in Armour
  2960 | D:4      | Reached XP level 7. HP: 58/62 MP: 6/6
  3110 | D:4      | Noticed buga's ghost (novice OpFE)
  3138 | D:4      | Killed buga's ghost
  3138 | D:4      | Reached skill level 5 in Dodging
  3550 | D:4      | Reached skill level 5 in Axes
  3702 | D:4      | Reached XP level 8. HP: 71/71 MP: 7/7
  3926 | D:5      | Entered Level 5 of the Dungeon
  3959 | D:5      | Noticed Eustachio
  3988 | D:5      | Killed Eustachio
  4197 | D:5      | Found a blossoming altar of Fedhas.
  4206 | D:5      | Got a coiled sapphire amulet
  4208 | D:5      | Identified the amulet of Foloniz {Acrobat rF++ Str-3 Dex+2 Stlth+} (You took it off a crimson imp on level 5 of the Dungeon)
  4341 | D:5      | Reached **** piety under Trog
  4513 | D:5      | Found Axig Zaid's Assorted Antiques.
  4725 | D:6      | Found a stormy altar of Qazlal.
  4738 | D:6      | Noticed Grinder
  4940 | D:6      | Reached XP level 9. HP: 34/81 MP: 5/8
  5435 | D:6      | Found a bloodstained altar of Trog.
  5436 | D:6      | Found a hide-covered altar of Uskayaw.
  5575 | D:6      | Found a staircase to the Ecumenical Temple.
  6327 | D:7      | Reached ***** piety under Trog
  6716 | D:8      | Found a sand-covered staircase.
  6726 | D:8      | Noticed Erica
  6739 | D:8      | Killed Erica
  6739 | D:8      | Reached XP level 10. HP: 71/91 MP: 5/9
  6815 | Ossuary  | Entered an ossuary
  7059 | D:8      | Received a gift from Trog
  7560 | D:8      | Killed Grinder
  7577 | D:8      | Reached skill level 10 in Fighting
  7960 | D:9      | Reached skill level 10 in Armour
  8251 | D:9      | Found a staircase to the Lair.
  8412 | D:9      | Reached skill level 10 in Axes
  9031 | D:10     | Entered Level 10 of the Dungeon
  9040 | D:9      | Reached XP level 11. HP: 98/101 MP: 8/10
  9429 | D:10     | Reached skill level 10 in Dodging
 10240 | D:10     | Reached ****** piety under Trog
 10246 | D:10     | Received a gift from Trog
 10401 | D:11     | Noticed a red ugly thing
 10422 | D:11     | Killed a red ugly thing
 10742 | D:11     | Noticed a two-headed ogre
 10755 | D:11     | Killed a two-headed ogre
 10826 | D:11     | Noticed NervFog's ghost (journeyman GnSk)
 10891 | D:11     | Killed NervFog's ghost
 11299 | D:11     | Killed an unseen horror
 11778 | D:11     | Found a blossoming altar of Fedhas.
 11780 | D:11     | Noticed an oklob plant
 11780 | D:11     | Noticed an oklob plant
 12086 | D:12     | Found a staircase to the Orcish Mines.
 12154 | D:12     | Got an ichor-stained broad axe
 12155 | D:12     | Identified the +7 broad axe "Neat" {drain, rPois MR+} (You found it on level 12 of the Dungeon)
 12164 | D:12     | Reached XP level 12. HP: 112/112 MP: 11/11
 12314 | D:12     | Noticed a rakshasa
 12329 | D:12     | Killed a rakshasa
 12722 | D:12     | Noticed a two-headed ogre
 12728 | D:12     | Killed a two-headed ogre
 12839 | D:12     | Received a gift from Trog
 13335 | D:13     | Noticed a five-headed hydra
 13338 | D:13     | Killed an eight-headed hydra
 13408 | D:13     | Noticed a two-headed ogre
 13416 | D:13     | Killed a two-headed ogre
 13675 | D:13     | Noticed a two-headed ogre
 13694 | D:13     | Killed a two-headed ogre
 14010 | D:13     | Found a hide-covered altar of Uskayaw.
 14881 | D:13     | Found a gate to the Vaults.
 14994 | D:13     | Found a shimmering altar of Xom.
 14994 | D:13     | Found a shimmering altar of Xom.
 14996 | D:13     | Found a radiant altar of Vehumet.
 14996 | D:13     | Found a radiant altar of Vehumet.
 14996 | D:13     | Found a white marble altar of Elyvilon.
 15059 | D:14     | Noticed a two-headed ogre
 15059 | D:14     | Killed a two-headed ogre
 15059 | D:14     | Reached XP level 13. HP: 122/122 MP: 12/12
 15481 | D:14     | Found an ancient bone altar of Kikubaaqudgha.
 15523 | D:14     | Noticed Frances
 15523 | D:14     | Noticed Agnes
 15530 | D:14     | Killed Agnes
 15543 | D:14     | Killed Frances
 15543 | D:14     | Received a gift from Trog
 15554 | D:15     | Entered Level 15 of the Dungeon
 15967 | D:14     | Noticed Urug
 15970 | D:14     | Killed Urug
 17926 | D:15     | HP: 2/125 [two-headed ogre/giant club (12)]
 17928 | D:15     | Slain by a two-headed ogre

Vault maps used:
D:1:      co_arrival_square_in_a_square_in_a_square
D:2:      nemelex_altar_shiori, first_ration, uniq_robin
D:3:      grunt_temple_overflow_open, uniq_jessica
D:5:      fedhas_altar_1, serial_shops, nicolae_shop_waterfront,
          minmay_mini_ossuary, uniq_eustachio
D:6:      lemuel_slime, grunt_qazlal_sundering,
          chequers_temple_overflow_statue_of_worship, minmay_temple_entry_mist,
          uniq_grinder
D:8:      lightli_ossuary_entry_decrepit_ruins, uniq_erica
D:9:      lair_entry_dummy
D:10:     david_nohive_1
D:11:     minmay_misc_feat_ornament, hangedman_tree_tricks
D:12:     minmay_blocking_statues, portal_ice_cave_entry_pillars_1
D:13:     erik_vaults_1, doesnt_xom_only_xom
D:14:     basic_altar, minmay_tree_intersection, uniq_urug, uniq_frances,
          uniq_agnes
D:15:     grunt_enter_depths_snipers, corexii_hall_statues_l, uniq_kirke
Ossuary:  ossuary_tomb_1

Skill      XL: |  1  2  3  4  5  6  7  8  9 10 11 12 13 |
---------------+----------------------------------------+-----
Fighting       | 4 5 6 7 9 10 12 13 14 | 14.5
Armour         | 3 4 5 6 7 9 10 11 13 14 | 14.3
Axes           | 1 2 3 5 6 8 10 11 12 14 | 14.1
Dodging        | 3 4 5 6 8 9 10 12 13 | 13.3
Long Blades    | |  3.7

Action                   |  1- 3 |  4- 6 |  7- 9 | 10-12 | 13-15 || total
-------------------------+-------+-------+-------+-------+-------++-------
Melee: Falchion          |    11 |       |       |       |       ||    11
       Headbutt          |     8 |    21 |    66 |   166 |    40 ||   301
       Hand axe          |    39 |   121 |   314 |   538 |       ||  1012
       Broad axe         |       |       |       |   144 |    25 ||   169
       Executioner's axe |       |       |       |       |    83 ||    83
 Fire: Triple crossbow   |       |       |       |     7 |    27 ||    34
Throw: Tomahawk          |       |       |       |     2 |       ||     2
Invok: Berserk           |       |     1 |     2 |     9 |     4 ||    16
Evoke: Wand              |       |       |       |       |     1 ||     1
  Use: Scroll            |       |     6 |     5 |    11 |     1 ||    23
       Potion            |       |       |     1 |     4 |     2 ||     7
  Eat: Chunk             |       |     8 |    15 |    23 |     4 ||    50
       Ration            |       |       |       |     5 |     2 ||     7
Armor: Animal skin       |     5 |       |       |       |       ||     5
       Ring mail         |     7 |    49 |    61 |   140 |    32 ||   289
       Plate armour      |       |       |       |       |    35 ||    35
Dodge: Dodged            |    42 |    67 |   162 |   524 |   156 ||   951
       Rpst.: Falchion   |     3 |       |       |       |       ||     3

Table legend:
 A = Spawn XP
 B = Non-spawn XP
 C = Spawn XP percentage of total XP
 D = Spawn monster count
 E = Non-spawn monster count
 F = Spawn count percentage of total count
 G = Total turns spent on level
                    A         B        C        D         E        F      G
               +---------+---------+-------+---------+---------+-------+---------
         Total |       0 |   63695 |   0.0 |       0 |     507 |   0.0 | 17928
               +---------+---------+-------+---------+---------+-------+---------
           D:1 |       0 |      11 |   0.0 |       0 |       8 |   0.0 |   607
           D:2 |       0 |     138 |   0.0 |       0 |      43 |   0.0 |  1003
           D:3 |       0 |     333 |   0.0 |       0 |      30 |   0.0 |  1121
           D:4 |       0 |    1109 |   0.0 |       0 |      25 |   0.0 |  1195
           D:5 |       0 |     642 |   0.0 |       0 |      28 |   0.0 |   794
           D:6 |       0 |    1170 |   0.0 |       0 |      32 |   0.0 |  1194
           D:7 |       0 |    1158 |   0.0 |       0 |      31 |   0.0 |   952
           D:8 |       0 |    3564 |   0.0 |       0 |      43 |   0.0 |  1014
           D:9 |       0 |    3599 |   0.0 |       0 |      43 |   0.0 |  1481
          D:10 |       0 |    4936 |   0.0 |       0 |      48 |   0.0 |  1058
          D:11 |       0 |    4827 |   0.0 |       0 |      23 |   0.0 |  1768
          D:12 |       0 |    6803 |   0.0 |       0 |      39 |   0.0 |  1332
          D:13 |       0 |    9197 |   0.0 |       0 |      27 |   0.0 |  1324
          D:14 |       0 |   11879 |   0.0 |       0 |      22 |   0.0 |  1259
          D:15 |       0 |   14042 |   0.0 |       0 |      26 |   0.0 |  1614
       Ossuary |       0 |     287 |   0.0 |       0 |      39 |   0.0 |   212
               +---------+---------+-------+---------+---------+-------+---------
